 Dungeon Crawl Stone Soup version 0.32-a0-975-g85d4e5bfdb (webtiles) character file.

Game seed: 11945298827722885952

340 Dylgear the Chopper (level 6, -4/48 HPs)
             Began as a Demonspawn Fighter on Apr 19, 2024.
             Slain by an ogre
             ... wielding a +0 giant spiked club
              (23 damage)
             ... on level 4 of the Dungeon.
             The game lasted 00:10:33 (3125 turns).

Dylgear the Chopper (Demonspawn Fighter)            Turns: 3125, Time: 00:10:34

Health: -4/48      AC:  8    Str: 17    XL:     6   Next: 30%
Magic:  6/6        EV: 13    Int:  8    God:
Gold:   116        SH:  4    Dex: 14    Spells: 5/5 levels left

rFire   . . .        a - +0 war axe
rCold   . . .        c - +0 buckler
rNeg    . . .        b - +0 scale mail
rPois   .            (no helmet)
rElec   .            g - +0 cloak
rCorr   .            (no gloves)
SInv    .            (no boots)
Will    .....        (no amulet) Stlth
                     (no ring)
HPRegen 0.28/turn    (no ring)
MPRegen 0.10/turn

%: no passive effects
@: agile
A: hooves 1, powered by death 1, powered by pain 2
a: no special abilities


You were on level 4 of the Dungeon.
You visited 1 branch of the dungeon, and saw 4 of its levels.
You also visited: Sewer.

You collected 116 gold pieces.

Inventory:

Hand Weapons
 a - a +0 war axe (weapon)
 f - a +2 whip of venom
 l - a +0 vampiric short sword
Armour
 b - a +0 scale mail (worn)
 c - a +0 buckler (worn)
 g - a +0 cloak (worn)
Jewellery
 i - a ring of flight
 m - a ring of wizardry
Talismans
 h - a beast talisman
 p - a flux talisman
Scrolls
 e - a scroll of enchant weapon {unknown}
 j - a scroll of fog {unknown}
 n - a scroll of revelation
 o - a scroll of immolation {unknown}
 q - 2 scrolls of fear {unknown}
 r - a scroll of teleportation
Potions
 d - a potion of mutation
 k - a potion of haste
 s - a potion of cancellation {unknown}


   Skills:
 * Level 3.9 Fighting
 * Level 4.2 Axes
 * Level 3.6 Armour
 + Level 1.0 Dodging
 * Level 3.6 Shields


You had 5 spell levels left.
You didn't know any spells.
Your spell library contained the following spells:

 Spells                   Type           Power      Damage    Failure   Level
 Foxfire                  Conj/Fire      0%         2x1d4     88%         1
 Summon Small Mammal      Summ           0%         N/A       88%         1
 Ensorcelled Hibernation  Hex/Ice        0%         N/A       95%         2
 Call Canine Familiar     Summ           0%         N/A       99%         3
 Passwall                 Erth           0%         N/A       99%         3
 Swiftness                Air            0%         N/A       99%         3
 Summon Blazeheart Golem  Fire/Summ      0%         N/A       100%        4
 Plasma Beam              Fire/Air       0%         2x1d10    100%        6
 Starburst                Conj/Fire      0%         6d3       100%        6


Dungeon Overview and Level Annotations

Branches:
Dungeon (4/15)              Sewer (visited)
 Temple: D:4-7

Altars:
Qazlal

Annotations:
D:3 Jessica


Innate Abilities, Weirdness & Mutations

You have large cloven feet.
You regenerate a little health from kills.
You sometimes gain power by taking damage.


Message History

Found a stone staircase leading down.
You now have 101 gold pieces (gained 10).
Things that are here:
a +0 ring mail; a +0 dagger
Found a scroll labelled DOOMEOBREPT and 6 poisoned darts.
The hobgoblin shouts!
The hobgoblin hits you but does no damage.
You slash the hobgoblin!
You kill the hobgoblin!
q - 2 scrolls labelled DOOMEOBREPT (gained 1)
A kobold comes into view. It is wielding a +0 club.
The kobold shouts!
The kobold hits you with a +0 club.
You slash the kobold!
You kill the kobold!
Found a glowing golden altar of the Shining One.
Things that are here:
a +0 club; a kobold corpse
Things that are here:
a +0 club; a kobold corpse You now have 104 gold pieces (gained 3).
You now have 116 gold pieces (gained 12).
There is a stone staircase leading down here.
You climb downwards.
The ogre shouts!
Found a scroll of identify.
There is a stone staircase leading up here.
An adder comes into view.
The adder hisses angrily.
The ogre hits you with a +0 giant spiked club!!
Ouch! That really hurt!
You focus on the pain.
You feel agile all of a sudden.
You slash the ogre!
The ogre is moderately wounded.
You hit the ogre. You kick the ogre.
The ogre is heavily wounded.
You hit the adder but do no damage. The adder bites you but does no damage.
The ogre hits you with a +0 giant spiked club!!
You die...

.... .##
.#. ...
..#####.#
#.......#
#......#
#......#
#..<...#
#......#
#..@...#
#...SO...#
#.#......#
#.###....?.
# .........
.#....##. .
..... .#
.....#


You could see an ogre and an adder.

Vanquished Creatures
  Pargi (Sewer)
  2 brain worms (Sewer)
  Terence (D:2)
  3 dart slugs (D:1)
  A ribbon worm (D:3)
  3 orcs (D:3)
  4 ball pythons
  5 endoplasms
  2 giant cockroaches
  10 goblins
  6 hobgoblins
  4 jackals (D:2)
  7 kobolds
  2 quokkas
  5 bats
  15 frilled lizards
  A rat (D:2)
72 creatures vanquished.

Notes
Turn   | Place    | Note
-------+----------+-------------------------------------------
     0 | D:1      | Dylgear the Demonspawn Fighter began the quest for the Orb.
     0 | D:1      | Reached XP level 1. HP: 18/18 MP: 1/1
    67 | D:1      | Reached skill level 2 in Axes
    97 | D:1      | Gained mutation: You regenerate a little health from kills.
                  | [demonic ancestry]
    97 | D:1      | Reached XP level 2. HP: 22/24 MP: 2/2
   415 | D:1      | Gained mutation: You sometimes gain a little power by
                  | taking damage. [demonic ancestry]
   415 | D:1      | Reached XP level 3. HP: 29/29 MP: 3/3
  1108 | D:2      | Found a faded altar of an unknown god.
  1383 | D:2      | Noticed Terence
  1395 | D:2      | Killed Terence
  1396 | D:2      | Reached XP level 4. HP: 17/35 MP: 4/4
  1644 | D:2      | Reached skill level 3 in Axes
  1994 | D:3      | Found a glowing drain.
  2062 | Sewer    | Entered a sewer
  2081 | Sewer    | Noticed a brain worm
  2092 | Sewer    | Killed a brain worm
  2093 | Sewer    | Gained mutation: You have large cloven feet. [demonic
                  | ancestry]
  2093 | Sewer    | Reached XP level 5. HP: 35/41 MP: 3/5
  2153 | Sewer    | Noticed Pargi
  2179 | Sewer    | Killed Pargi
  2180 | Sewer    | Reached skill level 4 in Axes
  2296 | Sewer    | Gained mutation: You sometimes gain power by taking damage.
                  | [demonic ancestry]
  2296 | Sewer    | Reached XP level 6. HP: 34/48 MP: 3/6
  2739 | D:3      | Reached skill level 1 in Dodging
  2755 | D:3      | Noticed Jessica
  2973 | D:3      | Found a stormy altar of Qazlal.
  3125 | D:4      | Slain by an ogre

Illustrated notes

Levels and vault maps discovered:
D:1:      psy_arrival_whirlpool, layout_basic, minmay_lizard_king
D:2:      layout_loops_corners, shapermc_ecumenical_altar_venn, uniq_terence
D:3:      layout_rooms, mainiacjoe_overflow_alcove_4, marbit_many_paths,
          cheibrodos_sewer_entry_bend, minmay_misc_feat_ornament, uniq_jessica
D:4:      layout_loops_cross, kennysheep_mini_moat,
          minmay_temple_entry_overgrown, minmay_surrounded

Skill      XL: |  1  2  3  4  5  6 |
---------------+-------------------+-----
Axes           | 2 3 4 |  4.2
Shields        | 3 |  3.6
Armour         | 3 |  3.6
Dodging        | 1 |  1.0
Fighting       | |  3.9

Action                     |  1- 3 |  4- 6 || total
---------------------------+-------+-------++-------
  Melee: War axe           |    97 |   102 ||   199
         Kick              |       |    11 ||    11
    Use: Potion            |     1 |     4 ||     5
         Scroll            |       |     6 ||     6
 Armour: Scale mail        |    95 |   117 ||   212
  Dodge: Dodged            |    37 |    44 ||    81
  Block: Buckler           |    29 |    41 ||    70

Table legend: (Time is in decaauts)
 A = Elapsed time spent in this place.
 B = Non-inter-level travel time spent in this place.
 C = Inter-level travel time spent in this place.
 D = Time resting spent in this place.
 E = Time spent auto-exploring this place.
 F = Levels seen in this place.
 G = Mean time per level.
                   A        B        C        D        E       F      G
               +--------+--------+--------+--------+--------+-----+--------+
         Total |   3223 |   3119 |    104 |    573 |   1568 |   5 |  644.6 |
       Dungeon |   2541 |   2437 |    104 |    156 |   1568 |   4 |  635.2 |
         Sewer |    682 |    682 |      0 |    417 |      0 |   1 |  682.0 |
               +--------+--------+--------+--------+--------+-----+--------+

Top non-repeatable levels by time:
     D:2: 1135 daAuts
     D:1: 963 daAuts
   Sewer: 682 daAuts
     D:3: 437 daAuts
     D:4: 4 daAuts
